 Dungeon Crawl Stone Soup version 0.20-a0-939-g04f5055 (webtiles) character file.

2408 lauthentik the Shield-Bearer (level 9, -4/75 HPs)
             Began as a Hill Orc Fighter on Mar 30, 2017.
             Was a Follower of Beogh.
             Slain by danebombitumenja's ghost (18 damage)
             ... on level 8 of the Dungeon.
             The game lasted 00:17:29 (6543 turns).

lauthentik the Shield-Bearer (Hill Orc Fighter)     Turns: 6543, Time: 00:17:29

Health: -4/75      AC:  9    Str: 19    XL:     9   Next: 47%
Magic:  9/9        EV: 11    Int: 13    God:    Beogh [*.....]
Gold:   286        SH: 12    Dex: 18    Spells: 8/8 levels left

rFire    . . .     SeeInvis .   C - +9 dagger of the Maze {flame, MR+}
rCold    . . .     Gourm    .   c - +1 shield
rNeg     . . .     Faith    .   H - +1 acid dragon scales
rPois    .         Spirit   .   E - +0 helmet {Int+3}
rElec    .         Reflect  .   (no cloak)
rCorr    +         Harm     .   (no gloves)
MR       +....                  (no boots)
Stlth    ++........             (no amulet)
Regen    0.3/turn               g - +5 ring of dexterity
MPRegen  0.2/turn               r - +2 ring of intelligence

@: no status effects
A: no striking features
a: Renounce Religion


You were on level 8 of the Dungeon.
You worshipped Beogh.
Beogh was aware of your devotion.
You were hungry.

You visited 2 branches of the dungeon, and saw 9 of its levels.
You also visited: Sewer.

You collected 286 gold pieces.

Inventory:

Hand Weapons
 a - a +0 long sword
 C - the +9 dagger of the Maze (weapon) {flame, MR+}
   (You found it on level 5 of the Dungeon)

   It has been specially enchanted to burn those struck by it, causing extra
   injury to most foes and up to half again as much damage against particularly
   susceptible opponents.
   It affects your resistance to hostile enchantments.
Missiles
 o - a throwing net (quivered)
Armour
 b - a +0 scale mail
 c - a +1 shield (worn)
 E - a +0 helmet of intelligence (worn)
 H - +1 acid dragon scales (worn)
Jewellery
 g - a +5 ring of dexterity (left hand)
 n - an uncursed ring of flight
 r - a +2 ring of intelligence (right hand)
 s - a +1 ring of protection {unknown}
Wands
 y - a wand of flame (34/48)
 D - a wand of polymorph (13/24)
 F - a wand of iceblast (6/15)
 J - a wand of acid (6/15)
Scrolls
 e - 2 scrolls of amnesia {unknown}
 h - a scroll of fear
 i - 2 scrolls of remove curse
 l - 4 scrolls of teleportation
 m - a scroll of fog {unknown}
 q - a scroll of enchant armour
 A - 4 scrolls of identify
 B - 2 scrolls of enchant weapon {unknown}
Potions
 d - 3 potions of might
 p - a potion of lignification {unknown}
 t - a potion of mutation {unknown}
 u - 5 potions of brilliance {unknown}
 v - 7 potions of curing {unknown}
 w - a potion of cancellation {unknown}
 x - 3 potions of heal wounds {unknown}
 z - a potion of agility {unknown}
 I - a potion of degeneration {unknown}
Comestibles
 f - 2 bread rations
 j - 3 fruits
 k - 6 meat rations
 G - a royal jelly


   Skills:
 + Level 6.1 Fighting
 + Level 3.9(5.8) Short Blades
 + Level 7.3(7.9) Long Blades
 + Level 6.3 Armour
 + Level 2.6 Dodging
 + Level 1.0 Stealth
 + Level 7.7 Shields


You had 8 spell levels left.
You didn't know any spells.

Dungeon Overview and Level Annotations

Branches:
Dungeon (8/15)             Temple (1/1) D:5
   Lair: D:8-11

Altars:
Cheibriados
Dithmenos
Fedhas
Gozag
Hepliaklqana
Kikubaaqudgha
Makhleb
Nemelex Xobeh
Okawaru
Ru
Sif Muna
Uskayaw
Vehumet
Wu Jian
Xom
Yredelemnul
Zin
The Shining One

Annotations:
D:8 danebombitumenja's ghost, novice FoFi


Message History

You block danebombitumenja's ghost's attack.
You hit the centaur zombie. You burn the centaur zombie.
The centaur zombie is almost destroyed.
You block the centaur zombie's attack.
You hit the centaur zombie. You burn the centaur zombie.
The centaur zombie is almost destroyed.
The centaur zombie hits you but does no damage.
Danebombitumenja's ghost hits you but does no damage.
You puncture the centaur zombie! You burn the centaur zombie.
You destroy the centaur zombie!
Beogh accepts your kill. Danebombitumenja's ghost hits you.
You hit danebombitumenja's ghost but do no damage.
You hit danebombitumenja's ghost but do no damage.
Danebombitumenja's ghost hits you!
* * * LOW HITPOINT WARNING * * *
You hit danebombitumenja's ghost.
Danebombitumenja's ghost is lightly damaged.
Danebombitumenja's ghost hits you!!
You die...

.........#.#...........
..#.....##.#...........
........##.............
.......................
.......................
......................
#....###.....#....#+###
#....# #...###.†......#
#.... #........@.|...#
.... #.........W.......
#.###............. #.
...............
###.####........ ...
......... .. .........
.........


You could see danebombitumenja's ghost.

Vanquished Creatures
  A wyvern (D:8)
  An acid dragon (D:7)
  An ice beast (D:7)
  2 black bears
  4 ogres
  A phantom (D:4)
  A sky beast (D:6)
  A centaur (D:5)
  A big kobold (Sewer)
  3 bullfrogs
  A crimson imp (D:5)
  A centaur zombie (D:8)
  A bullfrog zombie (D:5)
  A jelly (D:8)
  A bullfrog skeleton (D:6)
  A gnoll shaman (D:6)
  A hound (D:5)
  A centaur skeleton (D:5)
  4 iguanas
  Ijyb (D:5)
  4 orc wizards
  Natasha (thrice) (D:4)
  A worker ant (D:5)
  Terence (D:2)
  A hound skeleton (D:4)
  A mummy (D:6)
  2 worker ant zombies
  3 gnolls (D:7)
  12 adders
  6 river rats (Sewer)
  A shadow imp (D:5)
  3 oozes
  3 adder skeletons
  2 adder zombies (D:6)
  A worm (D:2)
  3 dart slugs
  10 leopard geckos
  14 orcs
  5 ball pythons
  4 giant cockroaches
  2 goblins
  3 hobgoblins
  19 jackals
  2 quokkas
  6 bats
  3 frilled lizards
  A hobgoblin zombie (D:6)
  A jackal skeleton (D:7)
  21 kobolds
  2 kobold zombies (D:6)
  An orc zombie (D:6)
  28 rats
198 creatures vanquished.

Vanquished Creatures (others)
  An orc (D:5)
1 creature vanquished.

Grand Total: 199 creatures vanquished

Notes
Turn   | Place    | Note
-------+----------+-------------------------------------------
     0 | D:1      | lauthentik the Hill Orc Fighter began the quest for the Orb.
     0 | D:1      | Reached XP level 1. HP: 19/19 MP: 1/1
   226 | D:1      | Reached XP level 2. HP: 22/27 MP: 2/2
   473 | D:1      | Reached XP level 3. HP: 33/33 MP: 3/3
   736 | D:2      | Found a glowing silver altar of Zin.
   746 | D:2      | Noticed Terence
   758 | D:2      | Killed Terence
   758 | D:2      | Reached XP level 4. HP: 27/40 MP: 4/4
  1473 | D:2      | Found a deep blue altar of Sif Muna.
  1574 | D:3      | Reached XP level 5. HP: 46/46 MP: 5/5
  1672 | D:3      | Reached skill level 1 in Dodging
  1927 | D:3      | Found a hide-covered altar of Uskayaw.
  2059 | D:3      | Noticed an ogre
  2071 | D:3      | Killed an ogre
  2071 | D:3      | Reached skill level 5 in Long Blades
  2071 | D:3      | Reached XP level 6. HP: 13/53 MP: 6/6
  2672 | D:4      | Noticed Natasha
  2679 | D:4      | Killed Natasha
  2702 | D:4      | Found a glowing drain.
  2735 | Sewer    | Entered a sewer
  2935 | Sewer    | Reached skill level 5 in Shields
  3030 | Sewer    | Reached XP level 7. HP: 51/60 MP: 7/7
  3379 | D:4      | Noticed Natasha
  3407 | D:4      | Killed Natasha
  3491 | D:4      | Noticed Natasha
  3498 | D:4      | Killed Natasha
  3640 | D:5      | Entered Level 5 of the Dungeon
  3754 | D:5      | Found a staircase to the Ecumenical Temple.
  3764 | D:5      | Reached skill level 5 in Armour
  3780 | Temple   | Entered the Ecumenical Temple
  3988 | D:5      | Reached XP level 8. HP: 64/67 MP: 8/8
  4074 | D:5      | Noticed Ijyb
  4093 | D:5      | Killed Ijyb
  4105 | D:5      | Reached skill level 5 in Fighting
  4614 | D:5      | Became a worshipper of Beogh the Brigand
  4656 | D:5      | Got a bone dagger
  4657 | D:5      | Identified the +9 dagger of the Maze {flame, MR+} (You found it on level 5 of the Dungeon)
  4738 | D:5      | Found an ornate altar of the Wu Jian Council.
  4855 | D:6      | Found a snail-covered altar of Cheibriados.
  4911 | D:6      | Found an ancient bone altar of Kikubaaqudgha.
  5261 | D:6      | Found a radiant altar of Vehumet.
  5710 | D:6      | Reached * piety under Beogh
  5710 | D:6      | Reached skill level 1 in Short Blades
  5792 | D:7      | Found an opulent altar of Gozag.
  5825 | D:7      | Reached XP level 9. HP: 75/75 MP: 9/9
  6526 | D:8      | Noticed danebombitumenja's ghost (novice FoFi)
  6530 | D:8      | Reached skill level 1 in Stealth
  6543 | D:8      | Slain by danebombitumenja's ghost

Vault maps used:
D:1:      lightli_arrival_statuegarden, item_on_display_a
D:2:      old_standard_altar, lemuel_blue_sif_altar, uniq_terence
D:3:      old_standard_altar, kennysheep_decorative_pillar, roderic_lattice_a,
          minivault_14
D:4:      portal_sewer_entry_f, lightli_ossuary_entry_decrepit_ruins,
          uniq_natasha
D:5:      lemuel_coloured_pillars_altar, minmay_temple_entry_hall, first_bread,
          uniq_iyjb
D:6:      lemuel_round_altar, kennysheep_little_box, old_standard_altar,
          minmay_mini_ossuary
D:7:      lemuel_doored_altar
D:8:      old_standard_altar
Temple:   dpeg_chambers_temple
Sewer:    sewer_minmay_treatment

Skill      XL: |  1  2  3  4  5  6  7  8  9 |
---------------+----------------------------+-----
Fighting       | 4 5 6 |  6.1
Long Blades    | 3 5 6 7 |  7.3
Dodging        | 1 2 |  2.6
Shields        | 4 5 7 |  7.7
Armour         | 4 5 6 |  6.3
Short Blades   | 1 3 |  3.9
Stealth        | 1 |  1.0

Action                   |  1- 3 |  4- 6 |  7- 9 || total
-------------------------+-------+-------+-------++-------
Melee: Long sword        |    91 |   253 |   181 ||   525
       Whip              |       |    25 |       ||    25
       Dagger            |       |       |   185 ||   185
Throw: Throwing net      |       |       |     2 ||     2
Invok: Convert to Beogh  |       |       |     1 ||     1
  Use: Scroll            |       |     6 |     2 ||     8
 Stab: Sleeping          |       |       |     1 ||     1
  Eat: Chunk             |       |     8 |    10 ||    18
       Fruit             |       |       |     1 ||     1
Armor: Scale mail        |    37 |   114 |   101 ||   252
       Acid dragon scale |       |       |     7 ||     7
Dodge: Dodged            |    27 |    97 |    86 ||   210
Block: Shield            |    49 |   187 |   213 ||   449
       Rpst.: Long sword |    12 |    27 |    12 ||    51
